 Dungeon Crawl Stone Soup version 0.26-a0-639-g72c4674329 (webtiles) character file.

Game seed: 4167805137788940129

0 MrRokkomies the Sneak (level 1, 0/18 HPs)
             Began as a Demigod Delver on Sept 16, 2020.
             Slain by a quasit (2 damage)
             ... on level 8 of the Dungeon.
             The game lasted 00:00:36 (73 turns).

MrRokkomies the Sneak (Demigod Delver)                Turns: 73, Time: 00:00:36

Health: 0/18       AC:  6    Str: 15    XL:     1   Next: 6%
Magic:  3/3        EV: 12    Int: 14    God:
Gold:   20         SH:  0    Dex: 17    Spells: 0/0 levels left

rFire    . . .     SeeInvis .   a - +0 falchion
rCold    . . .     Faith    .   (no shield)
rNeg     . . .     Spirit   .   h - +3 leather armour
rPois    .         Reflect  .   (no helmet)
rElec    .         Harm     .   (no cloak)
rCorr    .         Rampage  .   (no gloves)
MR       .....                  (no boots)
Stlth    +++.......             (no amulet)
HPRegen  0.06/turn              (no ring)
MPRegen  0.08/turn              (no ring)

@: no status effects
A: high mp 1
a: no special abilities


You were on level 8 of the Dungeon.
You visited 1 branch of the dungeon, and saw 2 of its levels.

You collected 20 gold pieces.

Inventory:

Hand Weapons
 a - a +0 falchion (weapon)
Missiles
 j - 21 sling bullets
Armour
 b - a +0 leather armour
 h - a +3 leather armour (worn)
Wands
 e - a wand of acid (8)
 g - a wand of digging (3)
Scrolls
 c - a scroll of fog
 d - a scroll of magic mapping
 i - a scroll of noise {unknown}
Potions
 f - a potion of haste


   Skills:
 * Level 2.7 Fighting
 * Level 1.8 Long Blades
 + Level 1.7 Dodging
 - Level 4.5 Stealth


You couldn't memorise any spells.
You didn't know any spells.
Your spell library was empty.

Dungeon Overview and Level Annotations

Branches:
Dungeon (5/15)
 Temple: D:4-7


Innate Abilities, Weirdness & Mutations

You have an increased reservoir of magic. (+10% MP)


Message History

The orc hits you with a cursed +0 club.
Unknown command.
The orc wizard gestures at you while chanting.
The magic dart hits you.
* * * LOW HITPOINT WARNING * * *
You see here a wand of acid (8).
As you read the scroll of fear, it crumbles to dust.
You assume a fearsome visage.
The orc warrior looks frightened!
The orc looks frightened!
The orc priest looks frightened!
The leopard gecko zombie is unaffected.
The orc wizard looks frightened!
The orc wizard mumbles some strange words.
The orc wizard flickers and vanishes!
e - a wand of acid (8)
The leopard gecko zombie barely misses you.
A scorpion comes into view.
A quasit comes into view.
Found 20 stones and 13 gold pieces.
The orc priest seems to regain its courage.
The quasit bites you.
You die...

# ##...## #.
..# ##..##
...## #.o.##
.($.. ##...##
#....
##...####...#
#.........#
##....Z..###
#..s...5.#
#.......@##
#.........#
#.....####..
..#### ##..
... ...(
.#### .#


You could see a scorpion, an orc priest, a quasit and a leopard gecko zombie.

Vanquished Creatures
  A jackal zombie (D:5)
1 creature vanquished.

Notes
Turn   | Place    | Note
-------+----------+-------------------------------------------
     0 | D:5      | MrRokkomies the Demigod Delver began the quest for the Orb.
     0 | D:5      | Reached XP level 1. HP: 18/18 MP: 3/3
    38 | D:5      | You fall into a shaft and drop 3 floors!
    38 | D:8      | Noticed an orc wizard
    39 | D:8      | Noticed an orc priest
    39 | D:8      | Noticed an orc wizard
    40 | D:8      | Noticed an orc warrior
    40 | D:8      | Noticed an orc priest
    68 | D:8      | Noticed a scorpion
    70 | D:8      | Noticed a quasit
    73 | D:8      | Slain by a quasit

Illustrated notes

Levels and vault maps discovered:
D:5:      layout_layer_cave, minmay_temple_entry_proselytizer
D:8:      layout_layer_cave, serial_shops, kennysheep_mini,
          cheibrodos_worm_habitat, uniq_erica, uniq_harold, uniq_prince_ribbit1

Action                   || total
-------------------------++-------
Melee: Falchion          ||     2
  Use: Scroll            ||     1
Dodge: Dodged            ||     3
       Rpst.: Falchion   ||     1

Table legend: (Time is in decaauts)
 A = Elapsed time spent in this place.
 B = Non-inter-level travel time spent in this place.
 C = Inter-level travel time spent in this place.
 D = Time resting spent in this place.
 E = Time spent auto-exploring this place.
 F = Levels seen in this place.
 G = Mean time per level.
                   A        B        C        D        E       F      G
               +--------+--------+--------+--------+--------+-----+--------+
         Total |     73 |     73 |      0 |      0 |      5 |   2 |   36.5 |
       Dungeon |     73 |     73 |      0 |      0 |      5 |   2 |   36.5 |
               +--------+--------+--------+--------+--------+-----+--------+

Top non-repeatable levels by time:
     D:5: 38 daAuts
     D:8: 34 daAuts
